 Dungeon Crawl Stone Soup version 0.30.1-11-g7821555f0a (webtiles) character file.

Game seed: 3941527170268599602

107 Okkudo the Chopper (level 4, -8/41 HPs)
             Began as a Hill Orc Monk on Dec 4, 2023.
             Was a Believer of Beogh.
             Mangled by an ogre
             ... wielding a +0 giant club
              (28 damage)
             ... on level 4 of the Dungeon.
             The game lasted 00:05:07 (2567 turns).

Okkudo the Chopper (Hill Orc Monk)                  Turns: 2567, Time: 00:05:08

Health: -8/41      AC:  6    Str: 15    XL:     4   Next: 85%
Magic:  4/4        EV: 10    Int: 10    God:    Beogh [**....]
Gold:   130        SH:  0    Dex: 13    Spells: 3/3 levels left

rFire   . . .        a - +0 hand axe
rCold   . . .        d - orb {light}
rNeg    . . .        h - +0 scale mail
rPois   .            (no helmet)
rElec   .            (no cloak)
rCorr   .            (no gloves)
SInv    +            (no boots)
Will    .....        (no amulet) Stlth
                     n - ring of see invisible
HPRegen 0.26/turn    (no ring)
MPRegen 0.09/turn

%: no passive effects
@: glowing
A: no striking features
a: Renounce Religion, Smiting


You were on level 4 of the Dungeon.
You worshipped Beogh.
Beogh was pleased with you.
You visited 1 branch of the dungeon, and saw 4 of its levels.

You collected 130 gold pieces.

Inventory:

Hand Weapons
 a - a +0 hand axe (weapon)
Armour
 d - an orb of light (worn)
 h - a +0 scale mail (worn)
Jewellery
 n - a ring of see invisible (left hand)
Wands
 t - a wand of polymorph (7)
Scrolls
 b - a scroll of poison {unknown}
 e - 2 scrolls of fog {unknown}
 f - 4 scrolls of identify {unknown}
 g - 2 scrolls of enchant armour {unknown}
 i - a scroll of summoning {unknown}
 j - a scroll of teleportation {unknown}
 k - a scroll of acquirement {unknown}
 r - a scroll of amnesia {unknown}
 u - a scroll of blinking {unknown}
Potions
 c - 2 potions of ambrosia
 l - a potion of cancellation {unknown}
 m - a potion of brilliance {unknown}
 o - a potion of heal wounds {unknown}
 p - a potion of flight {unknown}
 q - 3 potions of curing {unknown}
 s - a potion of lignification {unknown}


   Skills:
 - Level 4.6 Fighting
 * Level 5.4 Axes
 - Level 3.1 Dodging


You had 3 spell levels left.
You didn't know any spells.
Your spell library contained the following spells:

 Spells                   Type           Power      Damage    Failure   Level
 Slow                     Hex            0%         N/A       85%         1
 Sublimation of Blood     Necr           0%         N/A       94%         2
 Wereblood                Tmut           0%         N/A       94%         2
 Confusing Touch          Hex            0%         N/A       99%         3
 Vampiric Draining        Necr           0%         2d6       99%         3
 Summon Hydra             Summ           0%         N/A       100%        7


Dungeon Overview and Level Annotations

Branches:
Dungeon (4/15)
 Temple: D:4-7

Altars:


Message History

Pain shoots through your body!
You bow before the missionary of Beogh.
Beogh welcomes you!
You can now smite your foes.
With a roar of approval, the orcs welcome you as one of their own, and spare your life.
The ball python barely misses you. The ball python misses you.
The ball python bites you but does no damage.
The ball python grabs you. The ball python constricts you.
You escape the ball python's grasp.
The hobgoblin barely misses you.
You hit the hobgoblin but do no damage. You hit the ball python.
The ball python bites you but does no damage.
The ball python grabs you. The ball python constricts you.
The hobgoblin hits you but does no damage.
The orc hits the ball python with a +0 hand axe!
The ball python dies!
You barely miss the hobgoblin.
The hobgoblin hits you but does no damage.
You hit the hobgoblin.
You kill the hobgoblin!
Beogh accepts your kill.
You swap places.
You now have 130 gold pieces (gained 13).
HP restored.
s - a bubbling white potion
t - a wand of polymorph (7)
You open the door.
There is an open door here.
u - a scroll labelled GUXASO PUHEWK An ogre comes into view.
It is wielding a +0 giant club.
You hit the ogre.
The ogre is lightly wounded.
The ogre hits you with a +0 giant club!!
Ouch! That really hurt!
You slash the ogre!
The ogre is moderately wounded.
The ogre attacks as you move away! The ogre completely misses you.
The ogre attacks as you move away!
The ogre hits you with a +0 giant club!!
Ouch! That really hurt!
You die...

#########........#
#.......#....###.#
+.......'....# #.#
#.......#....# #.# #
#.......#....# #.# #
########.......#....###.####
...............+............
########.......#.....#######
##..@..##............
#######.O...##....###.##..
#...........###.### #.###.
#......###### #. .. ##
#......# ## #######
............... #.....
##......####### .####
#....... #< #....... ##


You could see an ogre.

Vanquished Creatures
  Jessica (D:2)
  Terence (D:2)
  A worm (D:2)
  4 ball pythons
  4 endoplasms
  A giant cockroach (D:1)
  9 hobgoblins
  7 kobolds
  2 quokkas (D:3)
  8 bats
  4 frilled lizards
  7 goblins
49 creatures vanquished.

Vanquished Creatures (others)
  A ball python (D:4)
1 creature vanquished.

Grand Total: 50 creatures vanquished

Notes
Turn   | Place    | Note
-------+----------+-------------------------------------------
     0 | D:1      | Okkudo the Hill Orc Monk began the quest for the Orb.
     0 | D:1      | Reached XP level 1. HP: 19/19 MP: 1/1
    94 | D:1      | Reached XP level 2. HP: 27/27 MP: 2/2
   297 | D:1      | You fall into a shaft and drop 1 floor!
   695 | D:1      | Reached XP level 3. HP: 33/33 MP: 3/3
  1240 | D:2      | Noticed Jessica
  1250 | D:2      | Killed Jessica
  1251 | D:2      | Reached XP level 4. HP: 32/41 MP: 4/4
  1685 | D:2      | Noticed Terence
  1694 | D:2      | Killed Terence
  1695 | D:2      | Reached skill level 5 in Axes
  2494 | D:4      | Became a worshipper of Beogh the Brigand
  2494 | D:4      | Reached * piety under Beogh
  2494 | D:4      | Reached ** piety under Beogh
  2560 | D:4      | Noticed an ogre
  2567 | D:4      | Mangled by an ogre

Illustrated notes

Levels and vault maps discovered:
D:1:      grunt_arrival_crossed_arrows, layout_loops_ring, serial_forest,
          infiniplex_forest_corner_2, infiniplex_forest_clump_small,
          infiniplex_forest_lined_1, infiniplex_forest_lined_corner,
          infiniplex_forest_straight_2, infiniplex_forest_lined_4_way
D:2:      layout_loops_corners, uniq_terence, uniq_jessica
D:3:      layout_loops_ring
D:4:      layout_basic, nicolae_uskayaw_dance_hall, uniq_natasha, uniq_pikel

Skill      XL: |  1  2  3  4 |
---------------+-------------+-----
Fighting       | 4 |  4.6
Dodging        | 3 |  3.1
Axes           | 5 |  5.4

Action                     |  1- 3 |  4- 6 || total
---------------------------+-------+-------++-------
  Melee: Hand axe          |    98 |    53 ||   151
 Invoke: Convert to Beogh  |       |     1 ||     1
 Armour: Robe              |     1 |       ||     1
         Scale mail        |    33 |    26 ||    59
  Dodge: Dodged            |    45 |    29 ||    74
